 Dungeon Crawl Stone Soup version 0.18.1-48-g4cf74bf (console) character file.

96324 Kloppie the Executioner (level 16, -7/223 HPs)
             Began as a Hill Orc Berserker on Sept 3, 2016.
             Was the Champion of Trog.
             Mangled by a swamp worm (15 damage)
             ... called by a spriggan druid
             ... on level 2 of the Swamp.
             The game lasted 00:52:26 (26006 turns).

Kloppie the Executioner (Hill Orc Berserker)       Turns: 26006, Time: 00:52:27

Health: -7/223     AC: 32    Str: 32    XL:     16   Next: 16%
Magic:  16/16      EV: 12    Int:  7    God:    Trog [******]
Gold:   875        SH:  0    Dex: 15    Spells: 0 memorised, 15 levels left

rFire  . . .     SeeInvis .     a - +0 executioner's axe (flame)
rCold  . . .     Gourm    .     W - +2 plate armour {rPois}
rNeg   . . .     Faith    .     (shield currently unavailable)
rPois  +         Spirit   .     z - +2 helmet
rElec  +         Dismiss  .     M - +0 cloak
rCorr  .         Reflect  .     c - +3 pair of gauntlets of War {Slay+5}
SustAt .         Harm     .     u - +1 pair of boots
MR     +++..                    (no amulet)
Stlth  ..........               f - +2 ring of protection
                                o - +5 ring of strength

@: berserking, regenerating, very quick, extremely resistant to hostile
enchantments, extremely unstealthy
A: electricity resistance
a: Berserk, Trog's Hand, Brothers in Arms, Burn Spellbooks, Renounce Religion


You were on level 2 of the Swamp.
You worshipped Trog.
Trog was exalted by your worship.
You were not hungry.

You visited 4 branches of the dungeon, and saw 24 of its levels.
You also visited: Labyrinth and Volcano.

You collected 3231 gold pieces.
You spent 2356 gold pieces at shops.

Inventory:

Hand Weapons
 a - a +0 executioner's axe of flaming (weapon)
 b - a +3 battleaxe of electrocution
Armour
 c - the +3 pair of gauntlets of War (worn) {Slay+5}
   (You bought it in a shop on level 1 of the Orcish Mines)

   It affects your accuracy and damage with ranged weapons and melee attacks
   (+5).
 n - the +4 plate armour of Twilight {rF+ Dex+2}
   (You bought it in a shop on level 2 of the Orcish Mines)

   It affects your dexterity (+2).
   It protects you from fire.
 u - a +1 pair of boots (worn)
 v - the +1 chain mail "Plog" {rC+ MR+ Int+8}
   (You bought it in a shop on level 1 of the Orcish Mines)

   It affects your intelligence (+8).
   It protects you from cold.
   It affects your resistance to hostile enchantments.
 z - a +2 helmet (worn)
 F - the +2 scale mail of Muastahyru {+Fly Int+5 Dex-4 Stlth+, unknown}
   (You found it on level 1 of the Swamp)

   It affects your intelligence (+5).
   It affects your dexterity (-4).
   It lets you fly.
   It makes you more stealthy.
 M - a +0 cloak (worn)
 W - a +2 plate armour of poison resistance (worn)
Jewellery
 f - a +2 ring of protection (right hand)
 j - an uncursed ring of ice
 o - a +5 ring of strength (left hand)
 S - an uncursed ring of flight
 U - an uncursed ring of sustain attributes
Wands
 r - a wand of disintegration (24/24)
 A - a wand of disintegration (16/24)
 C - a wand of teleportation (3/9)
 H - a wand of slowing (30/48)
 K - a wand of digging (7/24)
 P - a wand of teleportation (3/9)
Scrolls
 d - 7 scrolls of enchant armour
 h - 2 scrolls of fear
 k - a scroll of enchant weapon
 l - 10 scrolls of recharging
 s - 4 scrolls of blinking
 y - 2 scrolls of silence
 D - 10 scrolls of teleportation
 E - 8 scrolls of remove curse
 N - 2 scrolls of fog
 Q - a scroll of holy word
Potions
 e - 8 potions of curing
 g - 5 potions of heal wounds
 i - 2 potions of haste
 m - 5 potions of cancellation
 p - a potion of flight
 t - 2 potions of might
 G - 3 potions of agility
 I - 2 potions of resistance
 R - a potion of invisibility
 V - a potion of brilliance
Books
 w - a book of the Earth

   Spells                             Type                      Level
   a - Leda's Liquefaction            Hexes/Earth                  4
   b - Bolt of Magma                  Conjuration/Fire/Earth       5
   c - Statue Form                    Transmutation/Earth          6
   d - Iron Shot                      Conjuration/Earth            6
   e - Shatter                        Earth                        9
   Trog disapproves of the use of such an item.
 L - a Fen Folio

   Spells                             Type                      Level
   a - Corpse Rot                     Necromancy                   2
   b - Stone Arrow                    Conjuration/Earth            3
   c - Leda's Liquefaction            Hexes/Earth                  4
   d - Summon Forest                  Summoning/Translocation      5
   e - Hydra Form                     Transmutation                6
   f - Summon Hydra                   Summoning                    7
   Trog disapproves of the use of such an item.
Comestibles
 q - 3 beef jerkies
 x - 4 royal jellies
 B - 8 meat rations
 J - a slice of pizza
 O - 12 bread rations
 T - 6 chunks of flesh


   Skills:
 - Level 15.4 Fighting
 + Level 24.0 Axes
 - Level 13.8 Armour
 - Level 6.0 Dodging


You had 15 spell levels left.
You didn't know any spells.

Dungeon Overview and Level Annotations

Branches:
Dungeon (12/15)            Temple (0/1) D:4            Lair (8/8) D:8
  Swamp (2/4) Lair:4        Snake (0/4) Lair:5        Slime (0/6) Lair:6
    Orc (2/2) D:10            Elf (0/3) Orc:2

Altars:
Dithmenos
Fedhas
Okawaru
Ru
Vehumet
The Shining One
Beogh
Jiyva

Shops:
D:6 !   D:7 }   D:9 *   D:10 *(   Orc:1 [   Orc:2 :(*[

Annotations:
Lair:7 exclusion: oklob plant


Innate Abilities, Weirdness & Mutations

You are resistant to electric shocks.


Message History

* * * LOW HITPOINT WARNING * * *
The spriggan rider hits you but does no damage.
A swamp worm comes into view.
You barely miss the swamp worm. You slice the spriggan rider!!
You burn the spriggan rider.
The spriggan rider is moderately wounded.
The spriggan rider hits you from afar with a spear.
* * * LOW HITPOINT WARNING * * *
The swamp worm bites you!!
* * * LOW HITPOINT WARNING * * *
A red film seems to cover your vision as you go berserk!
You feel yourself moving faster!
You feel mighty!
You feel somewhat more hungry. The spriggan rider closely misses you.
The swamp drake breathes noxious fumes at you.
The noxious blast engulfs you! The spriggan rider misses you.
The swamp worm is engulfed in noxious fumes.
The swamp worm appears confused.
The swamp worm is engulfed in noxious fumes.
The swamp worm bites you!
You die...

...§≈.≈ ≈.≈.♣.
≈.≈..§.≈..≈..≈...
≈≈≈.≈≈.......♣...
≈.≈≈....♣......≈.
...........≈≈≈...
≈≈≈≈≈≈.....≈.....
...≈≈≈.i.....≈..≈
≈...≈.§i§w≈.w...≈
.....≈§@§.)......
.♣.≈..§§w..§...≈.
♣.≈.≈k≈§≈♣♣♣§§.♣
≈≈.≈w.≈..≈..♣♣♣♣♣
...§.≈≈≈.≈....♣
.≈≈.≈......♣♣..♣
≈...≈.....≈♣♣ ..
..≈.≈≈♣...≈§†≈♣ ♣
≈.......≈≈...≈♣


You could see 2 spriggan riders, 4 swamp worms and a swamp drake.

Vanquished Creatures
  Saint Roka (Orc:1)
  Gastronok (Lair:1)
  Roxanne (Swamp:1)
  A thorn hunter (Swamp:1)
  Maud (D:9)
  The ghost of dricus the Brawler, a journeyman TrMo of Ru (Lair:8)
  The ghost of Tagedieb the Unseen, a journeyman OpAs of Dithmenos (Lair:8)
  A fire dragon (Lair:8)
  A minotaur (Lab)
  A ghost crab (Swamp:2)
  An ice dragon (Lair:8)
  8 hydras
  Erolcha (D:10)
  4 alligators
  4 death yaks (Lair:8)
  Urug (D:10)
  An orc high priest (Orc:2)
  A spriggan druid (Swamp:2)
  2 lindwurms (Lair:8)
  4 orc knights
  A hill giant (D:11)
  A deep elf mage (Volcano)
  2 hornets (Swamp:2)
  4 orc sorcerers
  2 ugly things (D:12)
  6 slime creatures (D:12)
  2 griffons
  14 elephants
  2 cyclopes (D:12)
  3 black mambas
  7 torpor snails (Lair:8)
  The ghost of ayyllmao the Shield-Bearer, a novice FoFi (D:4)
  3 rime drakes
  19 spiny frogs
  2 centaur skeletons
  17 komodo dragons
  A queen bee (Lair:4)
  A polar bear (Lair:8)
  6 trolls
  18 blink frogs
  6 two-headed ogres
  8 giant leeches
  Grinder (D:3)
  4 bog bodies
  A shadow (Swamp:2)
  2 spriggans
  2 redbacks (Lab)
  Sigmund (D:2)
  A vampire (D:9)
  30 yaks
  2 fire bats (Volcano)
  A hungry ghost (D:8)
  Grum (D:8)
  9 hippogriffs
  A hog (Volcano)
  4 vampire mosquitoes (Swamp:1)
  8 basilisks
  The ghost of Tagedieb the Sneak, an amateur OpAs (D:3)
  3 steam dragons (Lair:8)
  Edmund (D:5)
  3 swamp worms
  3 mottled dragons
  15 water moccasins
  2 wargs (Orc:2)
  19 porcupines
  28 orc warriors
  5 wasps
  3 ice beasts
  5 swamp drakes
  An ice beast (shapeshifter) (D:12)
  4 sky beasts
  11 ogres
  25 wolves
  7 centaurs
  5 necrophages
  23 crocodiles
  3 big kobolds
  Blork the orc (Orc:2)
  A wyvern zombie (D:7)
  28 giant frogs
  A water moccasin skeleton (D:5)
  4 scorpions
  2 wyvern skeletons
  3 spriggan skeletons (Lab)
  15 killer bees (Lair:4)
  5 wights
  4 electric eels (Lair:7)
  A troll skeleton (Lab)
  2 howler monkeys (D:9)
  2 giant frog zombies
  8 crimson imps
  6 jellies
  A quasit (D:8)
  A hound (D:7)
  3 giant frog skeletons
  12 orc priests
  22 orc wizards
  Jessica (D:3)
  9 iguanas
  7 worker ants
  16 sheep
  2 hound skeletons
  2 mummies (D:7)
  Robin (D:3)
  2 howler monkey skeletons
  A worker ant zombie (D:7)
  6 adders
  67 river rats
  2 shadow imps (D:11)
  2 oozes
  An adder skeleton (D:6)
  22 worms
  2 dart slugs (D:1)
  4 giant geckos
  58 orcs
  4 bats
  3 giant cockroaches
  10 goblins
  10 hobgoblins
  7 jackals
  2 quokkas
  2 ball pythons
  4 giant newts
  A jackal skeleton (D:4)
  47 kobolds
  2 quokka skeletons
  10 rats
  3 bushes (Lair:8)
  8 fungi
  17 plants
855 creatures vanquished.

Vanquished Creatures (collateral kills)
  Sonja (Lair:1)
  A crocodile (Lair:7)
  An iguana (Lair:7)
3 creatures vanquished.

Vanquished Creatures (others)
  A giant leech (Swamp:2)
  A bog body (Swamp:1)
  A giant frog skeleton (D:10)
  13 fungi
  24 plants
40 creatures vanquished.

Grand Total: 898 creatures vanquished

Notes
Turn   | Place    | Note
--------------------------------------------------------------
     0 | D:1      | Kloppie the Hill Orc Berserker began the quest for the Orb.
     0 | D:1      | Reached XP level 1. HP: 19/19 MP: 1/1
    81 | D:1      | Reached XP level 2. HP: 24/27 MP: 2/2
   352 | D:1      | Reached XP level 3. HP: 33/34 MP: 3/3
   699 | D:2      | Noticed Sigmund
   901 | D:2      | Killed Sigmund
   901 | D:2      | Reached ** piety under Trog
   901 | D:2      | Reached skill level 5 in Fighting
   901 | D:2      | Reached skill level 6 in Axes
   901 | D:2      | Reached XP level 4. HP: 22/44 MP: 4/4
   901 | D:2      | Reached XP level 5. HP: 25/50 MP: 5/5
  2015 | D:3      | Reached XP level 6. HP: 57/57 MP: 6/6
  2045 | D:3      | Noticed Jessica
  2051 | D:3      | Killed Jessica
  2063 | D:3      | Noticed Grinder
  2089 | D:3      | Killed Grinder
  2089 | D:3      | Reached skill level 7 in Axes
  2089 | D:3      | Reached XP level 7. HP: 61/66 MP: 7/7
  2379 | D:3      | Found a glowing golden altar of the Shining One.
  2433 | D:3      | Reached *** piety under Trog
  2594 | D:3      | Noticed Tagedieb's ghost (amateur OpAs)
  2612 | D:3      | Killed Tagedieb's ghost
  2612 | D:3      | Reached skill level 8 in Axes
  2842 | D:3      | Noticed Robin
  2854 | D:3      | Killed Robin
  3015 | D:4      | Got a spiked leather armour
  3081 | D:4      | Noticed ayyllmao's ghost (novice FoFi)
  3109 | D:4      | Killed ayyllmao's ghost
  3109 | D:4      | Reached skill level 9 in Axes
  3109 | D:4      | Reached XP level 8. HP: 65/75 MP: 8/8
  3236 | D:4      | Got a brightly glowing ring mail
  3409 | D:4      | Found a staircase to the Ecumenical Temple.
  3491 | D:4      | Identified the +2 leather armour of the Chupacabra {MR+} (You found it on level 4 of the Dungeon)
  3492 | D:4      | Identified the cursed +0 ring mail "Kumyovy" {Regen+ MP-9 Str+4 Dex+6} (You found it on level 4 of the Dungeon)
  3508 | D:5      | Entered Level 5 of the Dungeon
  3954 | D:5      | Reached skill level 10 in Axes
  3990 | D:5      | Noticed Edmund
  4008 | D:5      | Killed Edmund
  4449 | D:6      | Reached XP level 9. HP: 84/85 MP: 0/9
  4463 | D:6      | Reached skill level 11 in Axes
  4510 | D:6      | Found Qaymesk's Distillery.
  4513 | D:6      | Bought a potion of might for 56 gold pieces
  4771 | D:6      | Found an iron altar of Okawaru.
  5429 | D:7      | Reached skill level 5 in Armour
  5524 | D:7      | Reached **** piety under Trog
  5544 | D:7      | Reached skill level 12 in Axes
  5977 | D:7      | Found Kuyhag's Gadget Boutique.
  6065 | D:7      | Found a shadowy altar of Dithmenos.
  6563 | D:8      | Reached XP level 10. HP: 93/93 MP: 1/10
  6572 | D:8      | Found a staircase to the Lair.
  6577 | D:8      | Noticed a spiny frog
  6588 | D:8      | Reached skill level 13 in Axes
  6590 | D:8      | Killed a spiny frog
  6664 | D:8      | Found a radiant altar of Vehumet.
  6694 | D:8      | Reached ***** piety under Trog
  6826 | D:8      | Found a blossoming altar of Fedhas.
  6974 | D:8      | Got an iridescent mace
  7080 | D:8      | Noticed Grum
  7227 | D:8      | Found a sacrificial altar of Ru.
  7376 | D:9      | Received a gift from Trog
  7634 | D:9      | Reached skill level 14 in Axes
  7864 | D:9      | Found Kicw's Assorted Antiques.
  7874 | D:9      | Bought a pair of smoking gloves for 313 gold pieces
  7874 | D:9      | Bought a scroll labeled BYMORCH XEEMPETT for 33 gold pieces
  7874 | D:9      | Bought a scroll labeled IFYIMA LEFEOM for 33 gold pieces
  7879 | D:9      | Identified the +2 pair of gloves "Wuaropn" {Int+3} (You bought it in a shop on level 9 of the Dungeon)
  8315 | D:9      | Reached XP level 11. HP: 50/99 MP: 2/11
  8854 | D:9      | Reached skill level 10 in Armour
  8933 | D:9      | Reached skill level 10 in Fighting
  8949 | D:10     | Entered Level 10 of the Dungeon
  8969 | D:10     | Reached skill level 15 in Axes
  8974 | D:10     | Found Ynelesinif's Weapon Emporium.
  9251 | D:10     | Received a gift from Trog
  9262 | D:10     | Found a staircase to the Orcish Mines.
  9313 | D:10     | Found Xixos's Assorted Antiques.
  9315 | D:10     | Noticed Erolcha
  9328 | D:10     | Killed Erolcha
  9434 | D:10     | Noticed Urug
  9460 | D:10     | Killed Urug
  9510 | D:10     | Noticed Maud
  9588 | D:9      | Killed Maud
  9588 | D:9      | Reached skill level 16 in Axes
 10102 | Lair:1   | Entered Level 1 of the Lair of Beasts
 10645 | Lair:1   | Noticed Gastronok
 10686 | Lair:1   | Killed Gastronok
 10686 | Lair:1   | Reached XP level 12. HP: 98/112 MP: 12/12
 11066 | Lair:1   | Reached skill level 17 in Axes
 11085 | Lair:1   | Noticed Sonja
 11090 | Lair:1   | Killed Sonja
 11090 | Lair:1   | Received a gift from Trog
 11695 | Lair:2   | HP: 8/172 [komodo dragon (22)]
 12004 | Lair:2   | HP: 8/172 [komodo dragon (13)]
 12781 | Lair:3   | Found a dark tunnel.
 12790 | Volcano  | Entered a volcano
 12818 | Volcano  | Reached skill level 18 in Axes
 13833 | Lair:3   | Received a gift from Trog
 14018 | Lair:4   | Reached XP level 13. HP: 73/125 MP: 13/13
 14628 | Lair:4   | Found a staircase to the Swamp.
 14974 | Lair:4   | Identified a scroll of acquirement
 15049 | Lair:5   | Reached skill level 19 in Axes
 15087 | Lair:5   | Found a staircase to the Snake Pit.
 15144 | Lair:5   | Reached skill level 15 in Fighting
 15298 | Lair:5   | Received a gift from Trog
 15760 | Lair:6   | Found a viscous altar of Jiyva.
 15760 | Lair:6   | Found a staircase to the Slime Pits.
 15776 | Lair:6   | Found a labyrinth entrance.
 15797 | Lab      | Entered a labyrinth
 16504 | Lab      | Noticed a minotaur
 16510 | Lab      | Killed a minotaur
 17149 | Lair:7   | Reached skill level 20 in Axes
 17418 | Lair:7   | Received a gift from Trog
 17422 | Lair:7   | Got a dazzling battleaxe {god gift}
 17563 | Lair:7   | Identified the +3 battleaxe of Indignation {chop, +Inv Dex+4} (Trog gifted it to you on level 7 of the Lair of Beasts)
 17599 | Lair:7   | Reached XP level 14. HP: 108/135 MP: 14/14
 18298 | D:8      | Killed Grum
 18363 | Orc:1    | Entered Level 1 of the Orcish Mines
 18363 | Orc:1    | Found Ducs's Antique Armour Shop.
 18368 | Orc:1    | Paralysed by an orc sorcerer for 4 turns
 18404 | Orc:1    | Bought an ancient chain mail for 171 gold pieces
 18404 | Orc:1    | Bought a shiny helmet for 81 gold pieces
 18425 | Orc:1    | Identified the cursed +1 chain mail "Plog" {rC+ MR+ Int+8} (You bought it in a shop on level 1 of the Orcish Mines)
 18605 | Orc:2    | Entered Level 2 of the Orcish Mines
 19171 | Orc:2    | Found a staircase to the Elven Halls.
 19281 | Orc:2    | Noticed Saint Roka
 19589 | Orc:1    | Received a gift from Trog
 19603 | Orc:1    | Killed Saint Roka
 20310 | Orc:2    | Noticed Blork the orc
 20313 | Orc:2    | Found a roughly hewn altar of Beogh.
 20316 | Orc:2    | Killed Blork the orc
 20342 | Orc:2    | Found Qivut's Antique Armour Emporium.
 20580 | Orc:2    | Bought a distressingly furry plate armour for 672 gold pieces
 20580 | Orc:2    | Bought a pair of runed boots for 108 gold pieces
 20601 | Orc:2    | Identified the +4 plate armour of Twilight {rF+ Dex+2} (You bought it in a shop on level 2 of the Orcish Mines)
 20792 | Orc:2    | Found Tillef's General Store.
 20798 | Orc:2    | Bought a scroll of identify for 34 gold pieces
 20807 | Orc:2    | Found Huto Ruu's Book Emporium.
 20826 | Orc:2    | Found Topraemo's Antique Weapon Emporium.
 20985 | Orc:1    | Found a roughly hewn altar of Beogh.
 20991 | Orc:1    | Found a roughly hewn altar of Beogh.
 21574 | D:11     | Received a gift from Trog
 21704 | Orc:1    | Bought the +3 pair of gauntlets of War {Slay+5} for 855 gold pieces
 21783 | D:12     | Reached skill level 5 in Dodging
 22200 | D:12     | Reached ****** piety under Trog
 22346 | D:12     | Received a gift from Trog
 22760 | Lair:1   | Gained mutation: You are resistant to electric shocks. [potion of beneficial mutation]
 22936 | Lair:8   | Entered Level 8 of the Lair of Beasts
 22962 | Lair:8   | Reached XP level 15. HP: 126/141 MP: 15/15
 23102 | Lair:8   | Noticed Tagedieb's ghost (journeyman OpAs)
 23114 | Lair:8   | Killed Tagedieb's ghost
 23173 | Lair:8   | Reached skill level 21 in Axes
 23442 | Lair:8   | Received a gift from Trog
 23472 | Lair:8   | Noticed dricus's ghost (journeyman TrMo)
 23483 | Lair:8   | Killed dricus's ghost
 23604 | Lair:8   | Reached skill level 22 in Axes
 24009 | Lair:8   | Found a runed door.
 24279 | Lair:8   | Received a gift from Trog
 24422 | Swamp:1  | Entered Level 1 of the Swamp
 24597 | Swamp:1  | Noticed Roxanne
 24620 | Swamp:1  | Killed Roxanne
 24620 | Swamp:1  | Reached skill level 23 in Axes
 24643 | Swamp:1  | Got a dazzling scale mail
 24703 | Swamp:1  | Noticed a thorn hunter
 24713 | Swamp:1  | Killed a thorn hunter
 25451 | Swamp:2  | Reached XP level 16. HP: 105/149 MP: 16/16
 25988 | Swamp:2  | Reached skill level 24 in Axes
 26005 | Swamp:2  | HP: 5/149 [swamp worm[a spriggan druid] (18)]
 26006 | Swamp:2  | Mangled by a swamp worm

Skill      XL: |  1  2  3  4  5  6  7  8  9 10 11 12 13 14 15 16 |
---------------+-------------------------------------------------+-----
Fighting       | 4 5 6 7 8 9 12 14 15 | 15.4
Axes           | 6 7 9 10 12 14 16 18 20 23 24 | 24.0
Armour         | 6 9 10 11 13 | 13.8
Dodging        | 6 |  6.0

Action                   |  1- 3 |  4- 6 |  7- 9 | 10-12 | 13-15 | 16-18 || total
-------------------------+-------+-------+-------+-------+-------+-------++-------
Melee: Hand axe          |    73 |    87 |   481 |   290 |       |       ||   931
       War axe           |       |       |       |   230 |       |       ||   230
       Battleaxe         |       |       |       |   183 |  1096 |       ||  1279
       Executioner's axe |       |       |       |       |    28 |    79 ||   107
Invok: Berserk           |     2 |     1 |     3 |    11 |     2 |     1 ||    20
       Trog's Hand       |       |     1 |     3 |    11 |     2 |     1 ||    18
       Brothers in Arms  |       |       |       |     1 |       |       ||     1
  Use: Scroll            |       |       |    11 |    17 |    18 |       ||    46
       Potion            |       |       |     1 |     4 |     1 |       ||     6
 Stab: Sleeping          |       |       |     4 |     1 |       |       ||     5
       Distracted        |       |       |       |     1 |       |       ||     1
  Eat: Bread ration      |     1 |       |     1 |       |       |       ||     2
       Chunk             |       |     2 |    13 |    37 |    34 |     2 ||    88
       Pizza             |       |       |     1 |       |       |       ||     1
       Royal jelly       |       |       |       |       |     3 |       ||     3
Armor: Animal skin       |     1 |       |       |       |       |       ||     1
       Ring mail         |    18 |    27 |   162 |    70 |       |       ||   277
       Chain mail        |       |       |       |   243 |   188 |       ||   431
       Plate armour      |       |       |       |       |   432 |    51 ||   483
Dodge: Dodged            |    37 |    48 |   212 |   245 |   431 |    43 ||  1016
